 Dungeon Crawl Stone Soup version 0.31-a0-152-g6aa68a64a1 (webtiles) character file.

Game seed: 8876272122238789847

396 qw the Shooter (level 6, -9/52 HPs)
             Began as a Minotaur Hunter on June 10, 2023.
             Was an Initiate of Okawaru.
             Mangled by Prince Ribbit (15 damage)
             ... on level 5 of the Dungeon.
             The game lasted 00:01:11 (3113 turns).

qw the Shooter (Minotaur Hunter)                    Turns: 3113, Time: 00:01:11

Health: -9/52      AC:  6    Str: 16    XL:     6   Next: 52%
Magic:  5/5        EV: 12    Int:  6    God:    Okawaru [......]
Gold:   175        SH:  0    Dex: 15    Spells: 5/5 levels left

rFire   . . .        Y - +0 orcbow
rCold   . . .        (shield currently unavailable)
rNeg    . . .        m - +1 robe {Will+}
rPois   +            (helmet restricted)
rElec   .            l - scarf {repulsion}
rCorr   .            g - +1 pair of gloves
SInv    .            f - +0 pair of boots
Will    +....        h - amulet of the acrobat
Stlth   ++           b - ring of poison resistance
HPRegen 0.28/turn    (no ring)
MPRegen 0.09/turn

%: repel missiles, acrobat
@: about to teleport
A: horns 2, retaliatory headbutt
a: Renounce Religion


You were on level 5 of the Dungeon.
You worshipped Okawaru.
Okawaru was noncommittal.
You visited 1 branch of the dungeon, and saw 5 of its levels.

You collected 195 gold pieces.
You spent 20 gold pieces at shops.


Innate Abilities, Weirdness & Mutations

You have a pair of horns on your head.
You reflexively headbutt those who attack you in melee.


   Skills:
 - Level 4.0 Fighting
 + Level 7.9 Ranged Weapons
 - Level 2.0 Armour
 - Level 2.1 Dodging
 - Level 0.7 Stealth


You had 5 spell levels left.
You didn't know any spells.
Your spell library was empty.

Inventory:

Hand Weapons
 Y - a +0 orcbow (weapon)
Armour
 d - a +0 ring mail
 f - a +0 pair of boots (worn)
 g - a +1 pair of gloves (worn)
 l - a scarf of repulsion (worn)
 m - a +1 robe of willpower (worn)
Jewellery
 b - a ring of poison resistance (left hand)
 h - an amulet of the acrobat (around neck)
Scrolls
 a - 3 scrolls of identify
Potions
 c - a potion of curing
 e - a potion of invisibility {unknown}
 i - a potion of enlightenment {unknown}
 k - a potion of might {unknown}
 n - a potion of lignification {unknown}
 o - a potion of degeneration {unknown}
 p - a potion of haste {unknown}

Dungeon Overview and Level Annotations

Branches:
Dungeon (5/15)             Temple (0/1) D:5

Altars:
Ashenzari
Cheibriados
Okawaru
Ru
Uskayaw
Xom
Yredelemnul
Zin
The Shining One

Shops:
D:2 ?

Annotations:
D:5 Prince Ribbit


Message History

Prince Ribbit barely misses you. You furiously retaliate!
You headbutt Prince Ribbit.
A scorpion comes into view.
You shoot an arrow. The arrow misses Prince Ribbit.
Prince Ribbit closely misses you. Prince Ribbit barely misses you.
You furiously retaliate!
You headbutt Prince Ribbit! You shoot an arrow. The arrow misses Prince Ribbit.
The arrow closely misses the scorpion.
Prince Ribbit misses you.
You shoot an arrow. The arrow barely misses Prince Ribbit.
The arrow hits the scorpion.
The scorpion is lightly wounded.
Prince Ribbit hits you!
Prince Ribbit lets out a mournful croak.
Prince Ribbit blinks!
You shoot an arrow. The arrow hits the scorpion.
The scorpion is lightly wounded.
The scorpion closely misses you.
Prince Ribbit blinks!
You shoot an arrow. The arrow barely misses the scorpion.
The scorpion closely misses you.
Prince Ribbit blinks!
The scorpion stings you but does no damage.
You shoot an arrow. The arrow barely misses the scorpion.
The scorpion misses you.
You shoot an arrow. The arrow barely misses the scorpion.
The scorpion misses you. You furiously retaliate!
You headbutt the scorpion! You shoot an arrow. The arrow hits the scorpion!
You kill the scorpion!
Okawaru accepts your kill.
You start resting.
Prince Ribbit is nearby!
You shoot an arrow. The arrow misses Prince Ribbit.
Prince Ribbit barely misses you.
You shoot an arrow.
The arrow completely misses Prince Ribbit.
Prince Ribbit hits you. Prince Ribbit hits you!
3113 ||| READING scroll of teleportation.
As you read the scroll of teleportation, it crumbles to dust.
You feel strangely unstable. Prince Ribbit hits you!
You die...

..........###
#.#
.#...#......#
#.#
.#.#.#......#
#.#
#..........#
##.#
###........#
#..#
##.......###..#
##......#....#
#####....##.#
###>.##@#
#.###F# #.# ...
#.##....
#.##.....
#.##......
#.##.......
#.##........


You could see Prince Ribbit.

Vanquished Creatures
  A phantom (D:3)
  A scorpion (D:5)
  2 hounds (D:5)
  A gnoll bouda (D:4)
  An orc wizard (D:4)
  5 gnolls (D:4)
  2 adders
  A dart slug (D:5)
  11 orcs (D:4)
  6 bats
  9 endoplasms
  3 giant cockroaches (D:3)
  2 goblins (D:1)
  5 hobgoblins
  2 quokkas
  11 ball pythons
  3 frilled lizards
  7 kobolds
  3 rats
76 creatures vanquished.

Notes
Turn   | Place    | Note
-------+----------+-------------------------------------------
     0 | D:1      | qw the Minotaur Hunter began the quest for the Orb.
     0 | D:1      | Reached XP level 1. HP: 18/18 MP: 0/0
     0 | D:1      | 0 ||| qw: Version: 0.2-a-122-gbc61b45
     0 | D:1      | 0 ||| qw: Game counter: 3495
     0 | D:1      | 0 ||| qw: Always use a shield: true
     0 | D:1      | 0 ||| qw: God list: Okawaru
     0 | D:1      | 0 ||| qw: Allow faded altars: false
     0 | D:1      | 0 ||| qw: Do Orc after D:15 true
     0 | D:1      | 0 ||| qw: Do second Lair branch before Depths: true
     0 | D:1      | 0 ||| qw: Lair rune preference: random
     0 | D:1      | 0 ||| qw: Plans: Normal
     0 | D:1      | 0 ||| PLANNING D:1-11
   103 | D:1      | 103 ||| SWAPPING to +0 orcbow.
   105 | D:1      | 105 ||| DROPPING +0 shortbow.
   144 | D:1      | Reached XP level 2. HP: 25/25 MP: 1/1
   187 | D:1      | Reached skill level 5 in Ranged Weapons
   258 | D:1      | Found a faded altar of an unknown god.
   427 | D:1      | Reached skill level 3 in Fighting
   637 | D:1      | 637 ||| UPGRADING to +0 ring mail.
   647 | D:1      | 647 ||| DROPPING +0 leather armour.
   648 | D:1      | 648 ||| UPGRADING to +0 pair of gloves.
   653 | D:1      | 653 ||| UPGRADING to amulet of the acrobat.
   658 | D:1      | 658 ||| READING scroll labelled RORU EBYGGIETA.
   659 | D:1      | 659 ||| READING scroll labelled KADEC SEIDON.
   660 | D:1      | 660 ||| READING scroll labelled WISURPH VUJA.
   661 | D:1      | 661 ||| DROPPING scroll of butterflies.
   663 | D:1      | 663 ||| Stepping ~*~*~tactically~*~*~ (cloud).
   760 | D:2      | Found a glowing golden altar of the Shining One.
   766 | D:2      | Identified the +2 dagger of Wotta {spect, Str+4 SInv}
   780 | D:2      | Found Fetes's Magic Scroll Shoppe.
   783 | D:2      | 783 ||| SHOPLISTING scroll of enchant armour (75 gold, have
                  | 47).
   783 | D:2      | 783 ||| BUYING scroll of identify (20 gold).
   783 | D:2      | Bought a scroll of identify for 20 gold pieces
   915 | D:2      | Identified the +4 spear "Demonslayer" {holy, rPois Int+3}
  1207 | D:2      | Reached skill level 1 in Armour
  1207 | D:2      | Reached XP level 3. HP: 31/31 MP: 2/2
  1397 | D:2      | 1397 ||| UPGRADING to +0 pair of boots.
  1402 | D:2      | 1402 ||| UPGRADING to ring of poison resistance.
  1451 | D:3      | Noticed a phantom
  1463 | D:3      | Killed a phantom
  1464 | D:3      | Reached skill level 6 in Ranged Weapons
  1464 | D:3      | Reached XP level 4. HP: 32/38 MP: 3/3
  1856 | D:3      | 1856 ||| UPGRADING to scarf of repulsion.
  1861 | D:3      | 1861 ||| READING scroll labelled VOAKEE WYVIUT.
  1865 | D:3      | 1865 ||| READING scroll labelled FENUTHAV FUTT.
  1866 | D:3      | 1866 ||| READING 2 scrolls of identify.
  1866 | D:3      | 1866 ||| IDENTIFYING bubbling golden potion
  1885 | D:4      | 1885 ||| PLANNING SEWER
  1911 | D:4      | Reached XP level 5. HP: 46/46 MP: 4/4
  2063 | D:4      | Found a hide-covered altar of Uskayaw.
  2190 | D:4      | Found a broken altar of Ashenzari.
  2298 | D:4      | Reached skill level 7 in Ranged Weapons
  2306 | D:4      | Reached XP level 6. HP: 25/52 MP: 5/5
  2514 | D:4      | 2514 ||| RIP SEWER
  2515 | D:4      | 2515 ||| PLANNING D:1-11
  2566 | D:4      | Found a sacrificial altar of Ru.
  2571 | D:4      | Found a shimmering altar of Xom.
  2572 | D:4      | Found a glowing golden altar of the Shining One.
  2574 | D:4      | Found an iron altar of Okawaru.
  2575 | D:4      | 2575 ||| PLANNING OKAWARU WORSHIP
  2575 | D:4      | 2575 ||| UPGRADING to +1 robe of willpower.
  2585 | D:4      | 2585 ||| READING scroll labelled YWOTHR TOZEONN.
  2586 | D:4      | Found a snail-covered altar of Cheibriados.
  2589 | D:4      | Found a basalt altar of Yredelemnul.
  2593 | D:4      | Found a glowing silver altar of Zin.
  2594 | D:4      | Became a worshipper of Warmaster Okawaru
  2594 | D:4      | 2594 ||| PLANNING D:1-11
  2662 | D:4      | 2662 ||| READING scroll labelled LOTHREKL FOER.
  2793 | D:5      | Entered Level 5 of the Dungeon
  2843 | D:5      | 2843 ||| READING scroll of enchant armour.
  2843 | D:5      | 2843 ||| ENCHANTING +0 pair of gloves.
  2850 | D:5      | Found a staircase to the Ecumenical Temple.
  3094 | D:5      | Noticed Prince Ribbit
  3112 | D:5      | HP: 5/52 [Prince Ribbit (11)]
  3113 | D:5      | 3113 ||| READING scroll of teleportation.
  3113 | D:5      | Mangled by Prince Ribbit

Levels and vault maps discovered:
D:1:      psy_arrival_fountain, layout_basic, shapermc_ecumenical_altar_ellora
D:2:      layout_loops_cross, basic_altar, serial_shops,
          nicolae_shop_behind_doors, minmay_misc_feat_encased,
          minmay_shallow_snake_nest
D:3:      layout_basic, serial_bayou_pond_a
D:4:      layout_rooms, nicolae_overflow_hallway_of_the_gods,
          mainiacjoe_overflow_paths, portal_sewer_entry_c, nicolae_grassy_gnolls
D:5:      layout_basic, minmay_temple_entry_gardened_gates,
          chequers_serial_rivers_micro_e, uniq_prince_ribbit1

Skill      XL: |  1  2  3  4  5  6 |
---------------+-------------------+-----
Ranged Weapons | 5 6 7 |  7.9
Fighting       | 3 4 |  4.0
Armour         | 1 2 |  2.0
Dodging        | |  2.1
Stealth        | |  0.7

Action                     |  1- 3 |  4- 6 || total
---------------------------+-------+-------++-------
   Fire: Shortbow          |    10 |       ||    10
         Orcbow            |    71 |   151 ||   222
    Use: Scroll            |     3 |     7 ||    10
 Armour: Leather armour    |     5 |       ||     5
         Ring mail         |    10 |    25 ||    35
         Robe              |       |     8 ||     8
  Dodge: Dodged            |    17 |    58 ||    75
         Repelled          |       |     2 ||     2

Table legend:
 A = Non-vault XP
 B = Vault XP
 C = Vault XP percentage of total XP
 D = Non-vault monster count
 E = Vault monster count
 F = Vault count percentage of total count
                 A         B        C        D         E       F
            +---------+---------+-------+---------+---------+-------
      Total |     432 |     135 |  23.8 |      62 |      14 |  18.4
            +---------+---------+-------+---------+---------+-------
        D:1 |      32 |       0 |   0.0 |      22 |       0 |   0.0
        D:2 |       7 |      24 |  77.4 |       4 |       8 |  66.7
        D:3 |     131 |       0 |   0.0 |      14 |       0 |   0.0
        D:4 |      91 |     111 |  55.0 |      18 |       6 |  25.0
        D:5 |     171 |       0 |   0.0 |       4 |       0 |   0.0
            +---------+---------+-------+---------+---------+-------
